 Dungeon Crawl Stone Soup version 0.22.1-2-g9c5b331 (webtiles) character file.

102 Harpaggios the Sneak (level 4, -1/22 HPs)
             Began as a Vine Stalker Enchanter on Jan 1, 2019.
             Slain by an adder (4 damage)
             ... on level 3 of the Dungeon.
             The game lasted 00:09:07 (1893 turns).

Harpaggios the Sneak (Vine Stalker Enchanter)       Turns: 1893, Time: 00:09:08

Health: -1/22      AC:  2    Str: 11    XL:     4   Next: 78%
Magic:  0/9        EV: 12    Int: 15    God:
Gold:   129        SH:  0    Dex: 15    Spells: 1/8 levels left

rFire    . . .     SeeInvis .   a - +1 dagger
rCold    . . .     Gourm    .   (no shield)
rNeg     . . .     Faith    .   b - +0 robe
rPois    +         Spirit   +   (no helmet)
rElec    .         Reflect  .   (no cloak)
rCorr    .         Harm     .   (no gloves)
MR       .....                  (no boots)
Stlth    +++.......             (no amulet)
HPRegen  0.47/turn              f - ring of poison resistance
MPRegen  0.11/turn              (no ring)

@: no status effects
A: fangs 2, regeneration 1, magic shield, antimagic bite, no potion heal 3, rot
immunity
a: no special abilities


You were on level 3 of the Dungeon.
You were hungry.

You visited 1 branch of the dungeon, and saw 3 of its levels.

You collected 129 gold pieces.

Inventory:

Hand Weapons
 a - a +1 dagger (weapon)
Armour
 b - a +0 robe (worn)
Jewellery
 f - a ring of poison resistance (left hand)
Scrolls
 c - a scroll of enchant armour {unknown}
 i - a scroll of enchant weapon {unknown}
 k - 4 scrolls of magic mapping
 l - a scroll of remove curse {unknown}
Potions
 e - a potion of haste {unknown}
 h - a potion of degeneration {unknown}
 j - 2 potions of mutation {unknown}
Comestibles
 d - 6 rations
 g - 4 chunks of flesh


   Skills:
 + Level 1.1 Fighting
 + Level 1.5 Short Blades
 + Level 2.0 Dodging
 + Level 4.2 Stealth
 + Level 2.7 Spellcasting
 * Level 3.9 Hexes


You had one spell level left.
You knew the following spells:

 Your Spells              Type           Power        Failure   Level  Hunger
a - Corona                Hex            ##.....      4%          1    #......
b - Ensorcelled Hibernat  Hex/Ice        #.....       14%         2    ##.....
c - Tukima's Dance        Hex            ##......     12%         3    ###....
d - Confusing Touch       Hex            ##....       4%          1    #......

Your spell library contained the following spells:

 Spells                   Type           Power        Failure   Level  Hunger
 Animate Skeleton         Necr           N/A          21%         1    #......
 Apportation              Tloc           #.....       21%         1    #......
 Summon Small Mammal      Summ           #...         21%         1    #......
 Confuse                  Hex            ##......     12%         3    ###....
 Dazzling Spray           Conj/Hex       #.....       28%         3    ###....


Dungeon Overview and Level Annotations

Branches:
Dungeon (3/15)

Altars:
Uskayaw

Annotations:
D:3 exclusion: gnoll


Innate Abilities, Weirdness & Mutations

You have extremely sharp teeth.
Your natural rate of healing is unusually fast.
When hurt, damage is shared between your health and your magic reserves.
Your bite disrupts and absorbs the magic of your enemies.
Potions cannot restore your health.
You are immune to rotting.


Message History

Things that are here:
a throwing net; a worm corpse The helpless gnoll fails to defend itself.
You impale the gnoll!!
You kill the gnoll!
Casting: Ensorcelled Hibernation (safe; 14% risk of failure)
Confirm with . or Enter, or press ? or * to list all spells.
Aiming: Ensorcelled Hibernation (safe; 14% risk of failure)
Press: ? - help, Shift-Dir - straight line, f - adder
Aim: an adder (hasn't noticed you, chance to defeat MR: 48%)
The adder hisses angrily.
The adder resists with some effort.
The adder barely misses you. The gnoll hits you with a whip.
You hit the adder. Your bite misses the adder.
The adder is moderately wounded.
The adder barely misses you. The gnoll hits you with a whip!
* * * LOW HITPOINT WARNING * * *
The adder closely misses you. The adder bites you. The adder bites you.
You die...

.≈≈≈≈≈≈≈≈≈..#w#
≈.≈≈≈.≈≈≈≈≈..##.#
≈≈..≈.≈.≈...g..g.
###.#.#.###.#####
#...# # ##)## #
#(### #.##Sg.##.#
#..(.@.##.#
####...##.#
#..###.#
##..###.#
#.....#.#
#...#.#.#######.
#......<.[....>g
#..##.#.#######g
#.....#.#


You could see a gnoll and an adder.

Vanquished Creatures
  4 gnolls
  An adder (D:2)
  An ooze (D:2)
  2 worms
  2 dart slugs
  A leopard gecko (D:3)
  9 bats
  2 giant cockroaches (D:2)
  5 goblins
  5 hobgoblins
  4 kobolds
  A frilled lizard (D:2)
  3 rats
40 creatures vanquished.

Vanquished Creatures (others)
  A dancing weapon (D:3)
1 creature vanquished.

Grand Total: 41 creatures vanquished

Notes
Turn   | Place    | Note
-------+----------+-------------------------------------------
     0 | D:1      | Harpaggios the Vine Stalker Enchanter began the quest for
                  | the Orb.
     0 | D:1      | Reached XP level 1. HP: 9/9 MP: 4/4
   135 | D:1      | Reached skill level 1 in Short Blades
   202 | D:1      | Reached XP level 2. HP: 10/13 MP: 4/6
   740 | D:2      | Found a hide-covered altar of Uskayaw.
  1099 | D:2      | Reached XP level 3. HP: 17/17 MP: 7/7
  1459 | D:2      | Reached skill level 4 in Stealth
  1592 | D:2      | Learned a level 2 spell: Ensorcelled Hibernation
  1596 | D:2      | Learned a level 3 spell: Tukima's Dance
  1626 | D:3      | Learned a level 1 spell: Confusing Touch
  1648 | D:3      | Gained mutation: Your natural rate of healing is unusually
                  | fast. [Vine Stalker growth]
  1648 | D:3      | Reached XP level 4. HP: 17/21 MP: 5/8
  1849 | D:3      | Found a faded altar of an unknown god.
  1866 | D:3      | Reached skill level 1 in Fighting
  1893 | D:3      | Slain by an adder

Skill      XL: |  1  2  3  4 |
---------------+-------------+-----
Short Blades   | 1 |  1.5
Stealth        | 4 |  4.2
Fighting       | 1 |  1.1
Dodging        | 2 |  2.0
Spellcasting   | |  2.7
Hexes          | |  3.9

Action                   |  1- 3 |  4- 6 || total
-------------------------+-------+-------++-------
Melee: Dagger            |    99 |    18 ||   117
       Bite              |    22 |     4 ||    26
 Cast: Corona            |     1 |     1 ||     2
       Ensorcelled Hiber |       |     8 ||     8
       Tukima's Dance    |       |     2 ||     2
  Use: Scroll            |     4 |       ||     4
 Stab: Sleeping          |     8 |     4 ||    12
  Eat: Chunk             |     2 |     1 ||     3
Armor: Robe              |    21 |     2 ||    23
Dodge: Dodged            |    77 |    11 ||    88
